cohdb
Replays
Latest Replays
All Replays
Popular Replays
Top Player Replays
Match Explorer
How It Works
Community
CoH3 Stats
Reddit
Sign in to upload your games and track your stats! →
Sign in with Steam
Match 42813305
Unlisted
Match 42813305
Overview
Messages
Build Orders
End
Panzergrenadier Squad
Selects Panzerjäger Kommand Battlegroup
Selects Mine Fields
Panzergrenadier Squad
Construct Light Support Kompanie
MG34 Team
Assault Grenadier Squad
Selects Tank Busters
2.5-tonne Medical Truck
Fire Support Elements
Panzerpioneer Squad
Flakvierling Half-track
Selects Defensive Positions
Panzerjäger Squad
ANGRY_HONEY_BADGER
BUBBA_ACTUAL
JollyRedRockett
Bran
DrewP
Dillbro
0
0
Comments
sign in to comment!
No comments posted yet!